[Event "January 2 Late 2024"]
[Site "https://www.chess.com"]
[Date "2024.01.02"]
[Round "2"]
[White "Subelj, Jan"]
[Black "Estrada Nieto, Julian"]
[Result "1-0"]
[Board "81"]
[TimeControl "180+1"]
[WhiteFideId "14618583"]
[BlackFideId "5101018"]
[WhiteElo "2744"]
[BlackElo "2519"]
[WhiteTeam "SLO"]
[BlackTeam "ESP"]
[WhiteClock "0:01:46"]
[BlackClock "0:00:46"]

1. d4 d5 2. Bg5 h6 3. Bh4 c6 4. Nc3 Bf5 5. Qd2 Nf6 6. Bxf6 exf6 7. e3 Nd7 8. Bd3 Bxd3 9. Qxd3 Bd6 10. Nge2 O-O 11. O-O Re8 12. b3 g6 13. Na4 f5 14. c4 Nf6 15. Nac3 Bc7 16. g3 Qd7 17. Rac1 Rad8 18. cxd5 Nxd5 19. Nxd5 Qxd5 20. Nc3 Qf3 21. Qe2 Qxe2 22. Nxe2 Bd6 23. Kg2 Kg7 24. Kf3 g5 25. h4 g4+ 26. Kg2 Kf6 27. Rc2 Ke6 28. Rb1 a5 29. Nc3 Ra8 30. Na4 Ra6 31. Rbc1 Kd7 32. Nc5+ Bxc5 33. Rxc5 a4 34. Rxf5 axb3 35. axb3 Ke7 36. Rcc5 Rb6 37. Rc3 Ra8 38. Rf4 h5 39. Rc5 Rxb3 40. Re5+ Kf8 41. Rxh5 Re8 42. Rh8+ Ke7 43. Re4+ 1-0

[Event "January 2 Late 2024"]
[Site "https://www.chess.com"]
[Date "2024.01.02"]
[Round "2"]
[White "Peczely, Sebastian Zsombor"]
[Black "Thomforde-Toates, Noah"]
[Result "0-1"]
[Board "82"]
[TimeControl "180+1"]
[WhiteFideId "750964"]
[BlackFideId "30951992"]
[WhiteElo "2493"]
[BlackElo "2743"]
[WhiteTeam "HUN"]
[BlackTeam "USA"]
[WhiteClock "0:00:00"]
[BlackClock "0:00:30"]

1. e4 c5 2. Nf3 g6 3. d4 cxd4 4. Nxd4 Bg7 5. c4 Nc6 6. Be3 Nf6 7. Nc3 Ng4 8. Qxg4 Nxd4 9. Qd1 Ne6 10. Qd2 Qa5 11. Rc1 Bxc3 12. Qxc3 Qxc3+ 13. Rxc3 d6 14. g3 b6 15. Bg2 Bb7 16. Ke2 O-O 17. g4 Nc5 18. f3 Rac8 19. Rhc1 f5 20. gxf5 gxf5 21. Bh3 fxe4 22. Bxc8 exf3+ 23. Kf1 Rxc8 24. Bxc5 Rxc5 25. Kf2 Rh5 26. Kg3 Rg5+ 27. Kf4 h6 28. h4 Rg7 29. b4 e5+ 30. Ke3 Rg4 31. c5 Re4+ 32. Kd3 Rxb4 33. c6 Ba6+ 34. Ke3 Rf4 35. c7 Bc8 36. Rf1 d5 37. Rc6 d4+ 38. Kd3 f2 39. Kd2 e4 40. Rd6 e3+ 41. Kd1 Bg4+ 42. Kc2 e2 43. Rg6+ Kh7 44. Rxg4 exf1=Q 45. c8=Q Qe2+ 46. Kb3 Qf3+ 47. Kb4 Qxg4 48. Qc7+ Kg8 49. Qd8+ Rf8 50. Qd5+ Kh7 51. Qb7+ Qg7 52. Qe4+ Kh8 0-1

[Event "January 2 Late 2024"]
[Site "https://www.chess.com"]
[Date "2024.01.02"]
[Round "2"]
[White "Flores, Diego"]
[Black "Flynn, Jacob"]
[Result "1-0"]
[Board "83"]
[TimeControl "180+1"]
[WhiteFideId "108049"]
[BlackFideId "2509393"]
[WhiteElo "2741"]
[BlackElo "2472"]
[WhiteTeam "ARG"]
[BlackTeam "IRL"]
[WhiteClock "0:00:16"]
[BlackClock "0:00:00"]

1. c4 c5 2. Nc3 Nf6 3. g3 e6 4. Nf3 d5 5. cxd5 exd5 6. d4 Nc6 7. Bg2 cxd4 8. Nxd4 Bc5 9. Nb3 Bb6 10. O-O d4 11. Na4 O-O 12. Nxb6 axb6 13. e3 d3 14. Bd2 Bf5 15. Bc3 Ne4 16. Bd4 Nxd4 17. Nxd4 Bg6 18. f4 f5 19. Qxd3 Qe7 20. Bxe4 fxe4 21. Qe2 Bf7 22. a3 Rfc8 23. Rac1 Rc5 24. b4 Rd5 25. Rc3 h6 26. Rfc1 Kh7 27. Rc7 Rd7 28. Rxd7 Qxd7 29. Rc3 Qd5 30. Qc2 Bh5 31. h3 Be8 32. Kh2 Ba4 33. Qb2 Bd7 34. Rc7 Rc8 35. Rxc8 Bxc8 36. g4 Bd7 37. Qc3 Qa2+ 38. Kg3 Qb1 39. Kg2 Qd1 40. Qc2 Qa1 41. Qxe4+ Kh8 42. Qxb7 Qb2+ 43. Kg3 Ba4 44. Qa8+ Kh7 45. Qxa4 1-0

[Event "January 2 Late 2024"]
[Site "https://www.chess.com"]
[Date "2024.01.02"]
[Round "2"]
[White "Lie, Kjetil A."]
[Black "Bagrationi, Alexander"]
[Result "1-0"]
[Board "84"]
[TimeControl "180+1"]
[WhiteFideId "1501984"]
[BlackFideId "14104954"]
[WhiteElo "2741"]
[BlackElo "2463"]
[WhiteTeam "NOR"]
[BlackTeam "ISR"]
[WhiteClock "0:01:04"]
[BlackClock "0:00:00"]

1. c4 e6 2. Nc3 d5 3. e3 c6 4. Nf3 Nf6 5. b3 Nbd7 6. Bb2 Be7 7. Qc2 O-O 8. Rg1 e5 9. cxd5 cxd5 10. g4 e4 11. g5 exf3 12. gxf6 Nxf6 13. Bd3 Be6 14. Nb5 Rc8 15. Qd1 Qd7 16. Qxf3 Kh8 17. Nd4 Bg4 18. Qg3 Bd6 19. Qh4 Bh5 20. Nf5 Bg6 21. Bxf6 d4 22. Bxg7+ Kg8 23. Qf6 1-0

[Event "January 2 Late 2024"]
[Site "https://www.chess.com"]
[Date "2024.01.02"]
[Round "2"]
[White "Gabdushev, Ruslan"]
[Black "Daggupati, Balaji"]
[Result "0-1"]
[Board "85"]
[TimeControl "180+1"]
[WhiteFideId "4137833"]
[BlackFideId "2090759"]
[WhiteElo "2425"]
[BlackElo "2740"]
[WhiteTeam "RUS"]
[BlackTeam "USA"]
[WhiteClock "0:00:11"]
[BlackClock "0:00:24"]

1. c4 e5 2. g3 Nf6 3. Bg2 Nc6 4. e4 Bc5 5. Nc3 d6 6. h3 a6 7. d3 Nd4 8. Nge2 Be6 9. Be3 Nc6 10. Qd2 Qd7 11. f4 g6 12. Nd5 Bxd5 13. exd5 Nd4 14. fxe5 dxe5 15. O-O Nh5 16. Bxd4 exd4 17. g4 Ng7 18. b4 Bd6 19. Qh6 O-O 20. Nxd4 Be5 21. Nf3 Bxa1 22. Ng5 Bd4+ 23. Kh1 Rfe8 24. Qxh7+ Kf8 25. Qh8+ Ke7 26. Rxf7+ Kd6 27. Rxd7+ Kxd7 28. Qh7 Re1+ 29. Bf1 Rxf1+ 30. Kg2 Rf2+ 31. Kg3 Raf8 32. Ne6 Be5+ 33. Kh4 Rh8 34. Qxh8 Nf5+ 35. gxf5 Bxh8 36. fxg6 Rg2 37. Kh5 Rg3 38. h4 Bf6 39. Kh6 Bxh4 40. g7 Bf6 41. Kh7 Bxg7 42. Nxg7 Rxd3 43. Ne6 Ra3 44. Kg6 Rxa2 45. Kf5 Rb2 46. Ke4 Rxb4 47. Kd3 b5 48. Nc5+ Kd6 49. Nb7+ Ke5 50. cxb5 Rxb5 51. Nd8 Rxd5+ 0-1

[Event "January 2 Late 2024"]
[Site "https://www.chess.com"]
[Date "2024.01.02"]
[Round "2"]
[White "Karpov, Vadim"]
[Black "Korchmar, Vasiliy"]
[Result "0-1"]
[Board "86"]
[TimeControl "180+1"]
[WhiteFideId "4155025"]
[BlackFideId "24131750"]
[WhiteElo "2420"]
[BlackElo "2738"]
[WhiteTeam "RUS"]
[BlackTeam "RUS"]
[WhiteClock "0:01:05"]
[BlackClock "0:00:46"]

1. Nf3 d5 2. d4 Nf6 3. c4 e6 4. Nc3 dxc4 5. Qa4+ Nbd7 6. Qxc4 a6 7. g3 c5 8. Bg2 b5 9. Qd3 Bb7 10. O-O Be7 11. Bg5 O-O 12. Rfd1 c4 13. Qc2 b4 14. Na4 Rc8 15. Ne1 Bxg2 16. Nxg2 Qa5 17. Bxf6 Bxf6 18. e4 Rfd8 19. Ne3 Qb5 20. Rac1 h5 21. h4 Nf8 22. e5 Be7 23. b3 cxb3 24. Qxb3 Rxc1 25. Rxc1 Rxd4 26. Nc4 Ng6 27. Re1 Qxc4 28. Qf3 Qxa2 29. Nb6 b3 30. Rc1 b2 31. Rc8+ Rd8 32. Rxd8+ Bxd8 0-1

[Event "January 2 Late 2024"]
[Site "https://www.chess.com"]
[Date "2024.01.02"]
[Round "2"]
[White "Garrido, Denis"]
[Black "Manelyuk, Daniil"]
[Result "1-0"]
[Board "87"]
[TimeControl "180+1"]
[WhiteFideId "601217"]
[BlackFideId "44173920"]
[WhiteElo "2404"]
[BlackElo "2733"]
[WhiteTeam "FRA"]
[BlackTeam "RUS"]
[WhiteClock "0:02:24"]
[BlackClock "0:02:11"]

1. d4 Nf6 2. c4 c5 3. d5 b5 4. g4 bxc4 5. g5 Ne4 6. Bg2 Nd6 7. h4 Bb7 8. h5 e6 9. Nc3 Na6 10. g6 hxg6 11. hxg6 Rxh1 12. gxf7+ Nxf7 13. Bxh1 Qh4 14. dxe6 Qxh1 15. Qxd7# 1-0

[Event "January 2 Late 2024"]
[Site "https://www.chess.com"]
[Date "2024.01.02"]
[Round "2"]
[White "Koellner, Ruben Gideon"]
[Black "Sukandar, Irine Kharisma"]
[Result "0-1"]
[Board "88"]
[TimeControl "180+1"]
[WhiteFideId "12993093"]
[BlackFideId "7101937"]
[WhiteElo "2733"]
[BlackElo "2401"]
[WhiteTeam "GER"]
[BlackTeam "INA"]
[WhiteClock "0:00:00"]
[BlackClock "0:01:03"]

1. d4 Nf6 2. Nf3 b6 3. Nbd2 Bb7 4. e3 g6 5. Bd3 Bg7 6. O-O O-O 7. e4 d6 8. c3 e5 9. Re1 Nbd7 10. a4 a6 11. a5 b5 12. b4 Re8 13. Bb2 c5 14. d5 c4 15. Bc2 Nh5 16. Nf1 Nf8 17. Bc1 h6 18. Be3 Bc8 19. Qd2 g5 20. Ng3 Nf4 21. Nf5 Bxf5 22. exf5 Nd7 23. g3 Nd3 24. Re2 Qf6 25. g4 Nf4 26. Ree1 e4 27. Bd4 exf3 28. Bxf6 Bxf6 29. Re3 Ne2+ 30. Kf1 Nxc3 31. Rxc3 Re2 0-1

[Event "January 2 Late 2024"]
[Site "https://www.chess.com"]
[Date "2024.01.02"]
[Round "2"]
[White "Lewtak, Damian"]
[Black "Gallegos Diaz, Carlos Alberto"]
[Result "1/2-1/2"]
[Board "89"]
[TimeControl "180+1"]
[WhiteFideId "1141724"]
[BlackFideId "3900886"]
[WhiteElo "2728"]
[BlackElo "2399"]
[WhiteTeam "POL"]
[BlackTeam "VEN"]
[WhiteClock "0:00:03"]
[BlackClock "0:00:12"]

1. e4 d6 2. Nf3 Nf6 3. c3 c6 4. d3 e5 5. g3 Be7 6. Bg2 O-O 7. O-O Nbd7 8. Re1 Re8 9. a4 b6 10. Nbd2 Bb7 11. a5 Rb8 12. axb6 axb6 13. d4 Qc7 14. Nf1 h6 15. Bd2 Bf8 16. h3 c5 17. d5 c4 18. g4 b5 19. Ng3 Nc5 20. Qc2 g6 21. Bf1 Nfd7 22. Be3 Nb3 23. Rad1 Ndc5 24. Nd2 Nxd2 25. Qxd2 Nb3 26. Qe2 Bc8 27. Qf3 Bg7 28. Be2 Ra8 29. Rb1 Qe7 30. Bd1 Na5 31. Bc2 Bd7 32. Kg2 Rf8 33. Qe2 Rfb8 34. Qd2 Nb3 35. Bxb3 cxb3 36. Qd1 b4 37. c4 Ba4 38. Qd2 Qc7 39. Rbc1 Kh7 40. h4 Bd7 41. f3 Ra2 42. h5 Qd8 43. Rh1 g5 44. c5 dxc5 45. Bxc5 Rc8 46. Bxb4 Qb6 47. Rxc8 Bxc8 48. Rc1 Qd4 49. Qxd4 exd4 50. Rxc8 Rxb2+ 51. Kh3 Rc2 52. Rxc2 bxc2 53. Bd2 d3 54. d6 Bc3 55. d7 Bxd2 56. d8=Q c1=Q 57. Qxd3 Bf4 58. Qf1 Qe3 59. Qe2 Qg1 60. Qg2 Qe1 61. Nf5 Qc1 62. Ng3 Qe1 63. Nf5 Qc1 64. e5 Qe1 65. Ng3 Bxe5 66. Nf5 Bf4 67. Ng3 Qb1 68. Nf5 Qe1 69. Ng3 Qc1 70. Nf5 Qe1 1/2-1/2

[Event "January 2 Late 2024"]
[Site "https://www.chess.com"]
[Date "2024.01.02"]
[Round "2"]
[White "Zakarian, David"]
[Black "Schnaider, Ilan"]
[Result "1-0"]
[Board "90"]
[TimeControl "180+1"]
[WhiteFideId "13301276"]
[BlackFideId "169013"]
[WhiteElo "2386"]
[BlackElo "2728"]
[WhiteTeam "ARM"]
[BlackTeam "ARG"]
[WhiteClock "0:00:09"]
[BlackClock "0:00:00"]

1. d4 Nf6 2. c4 g6 3. h4 c6 4. Nc3 d5 5. Bg5 Bg7 6. Nf3 Bf5 7. e3 dxc4 8. Bxc4 b5 9. Bd3 Bxd3 10. Qxd3 Nbd7 11. O-O O-O 12. e4 b4 13. Na4 Qa5 14. b3 Rfd8 15. Rac1 Rac8 16. Rfd1 c5 17. d5 Nb6 18. Nxb6 axb6 19. Bxf6 Bxf6 20. e5 Bg7 21. Qe2 b5 22. e6 f6 23. h5 g5 24. Nh2 Qa6 25. Ng4 f5 26. Ne5 h6 27. Nf7 Rf8 28. d6 exd6 29. Nxd6 Rcd8 30. e7 Rxd6 31. exf8=Q+ Bxf8 32. Rxd6 Qxd6 33. Qxb5 Qd2 34. Qc4+ Kg7 35. Rc2 Qd1+ 36. Kh2 Bd6+ 37. g3 Qxh5+ 38. Kg2 f4 39. Qe2 Qg6 40. Rd2 g4 41. gxf4 h5 42. Qd3 Qxd3 43. Rxd3 Bxf4 44. Rd7+ Kf6 45. Rd5 h4 46. Rxc5 h3+ 47. Kf1 Bd2 48. Rc4 Kg5 49. Kg1 Kh4 50. Rc2 Be1 51. Rc4 Kg5 52. Rc5+ Kh4 53. Ra5 Bd2 54. a3 bxa3 55. Rxa3 Bc1 56. Ra8 Bf4 57. Ra4 Bd2 58. f3 Kg3 59. fxg4 Be3+ 60. Kh1 Bd2 61. Rd4 Bc3 62. Rd3+ Kxg4 63. Rxc3 1-0

[Event "January 2 Late 2024"]
[Site "https://www.chess.com"]
[Date "2024.01.02"]
[Round "2"]
[White "Yarar, Bora"]
[Black "Figorito, Nick"]
[Result "1-0"]
[Board "91"]
[TimeControl "180+1"]
[WhiteFideId "34588400"]
[BlackFideId "30923689"]
[WhiteElo "2723"]
[BlackElo "2378"]
[WhiteTeam "TUR"]
[BlackTeam "USA"]
[WhiteClock "0:02:13"]
[BlackClock "0:00:28"]

1. e4 e6 2. d4 d5 3. e5 c5 4. c3 Bd7 5. Nf3 Qb6 6. Na3 cxd4 7. cxd4 Bxa3 8. bxa3 Ne7 9. Bd3 Nbc6 10. Rb1 Qa5+ 11. Kf1 Qc7 12. g3 h6 13. Kg2 O-O 14. a4 Rfc8 15. h4 Na5 16. Ba3 Bc6 17. Bd6 Qd7 18. Bc2 Nc4 19. Qd3 g6 20. Bxe7 Qxe7 21. h5 Na3 22. hxg6 Nxb1 23. g7 1-0

[Event "January 2 Late 2024"]
[Site "https://www.chess.com"]
[Date "2024.01.02"]
[Round "2"]
[White "Bregu, Riza"]
[Black "Rastbod, Ali"]
[Result "0-1"]
[Board "92"]
[TimeControl "180+1"]
[WhiteFideId "4701739"]
[BlackFideId "12567477"]
[WhiteElo "2377"]
[BlackElo "2722"]
[WhiteTeam "ALB"]
[BlackTeam "IRI"]
[WhiteClock "0:00:18"]
[BlackClock "0:00:30"]

1. e4 c6 2. Nc3 d5 3. Nf3 Bg4 4. h3 Bxf3 5. Qxf3 e6 6. d4 Bb4 7. Bd3 Nf6 8. O-O Bxc3 9. bxc3 dxe4 10. Bxe4 Nxe4 11. Qxe4 Qd5 12. Qg4 Nd7 13. Rb1 Nf6 14. Qxg7 Rg8 15. c4 Qe4 16. Qxg8+ Nxg8 17. Rxb7 Qxd4 18. Be3 Qxc4 19. Rd1 Nf6 20. Rd4 Qa6 21. Rb3 Qxa2 22. Rh4 Qxc2 23. Rb7 Nd5 24. Rg4 O-O-O 25. Rxa7 Qb1+ 26. Kh2 Nxe3 27. Rga4 Nf1+ 28. Kg1 Nd2+ 29. Kh2 Qb8+ 30. g3 Nf3+ 31. Kg2 Ne1+ 32. Kf1 Nd3 33. Ra8 Nc5 34. Rxb8+ Kxb8 35. Rc4 Rd5 36. Kg2 Kc7 37. Rh4 h5 38. g4 hxg4 39. hxg4 Nd3 40. Rh5 Rxh5 41. g5 Rxg5+ 42. Kf3 Rd5 43. Ke4 c5 44. f4 c4 45. f5 c3 46. fxe6 fxe6 47. Kf3 c2 48. Ke4 c1=Q 49. Kf3 Qf4+ 50. Ke2 Nc1+ 51. Ke1 Re5+ 52. Kd1 Qd4+ 53. Kc2 Rc5+ 54. Kb1 Qb4+ 55. Ka1 Ra5# 0-1

[Event "January 2 Late 2024"]
[Site "https://www.chess.com"]
[Date "2024.01.02"]
[Round "2"]
[White "Bardyk, Artem"]
[Black "Ankerst, Mihael"]
[Result "1/2-1/2"]
[Board "93"]
[TimeControl "180+1"]
[WhiteFideId "34349979"]
[BlackFideId "14602369"]
[WhiteElo "2721"]
[BlackElo "2354"]
[WhiteTeam "RUS"]
[BlackTeam "SLO"]
[WhiteClock "0:00:00"]
[BlackClock "0:00:41"]

1. e4 c5 2. c3 Nf6 3. e5 Nd5 4. Nf3 e6 5. Bc4 d6 6. d4 cxd4 7. cxd4 Nc6 8. O-O Be7 9. Bd2 O-O 10. Nc3 Nxc3 11. Bxc3 dxe5 12. dxe5 Qxd1 13. Rfxd1 Rd8 14. Rxd8+ Bxd8 15. Rd1 Be7 16. Bd3 h6 17. Be4 Kf8 18. a3 Ke8 19. b4 Bd7 20. b5 Nd8 21. a4 Rc8 22. Bd4 Bc5 23. Bb2 Be7 24. Rc1 Rxc1+ 25. Bxc1 f5 26. exf6 Bxf6 27. Be3 b6 28. Nd4 Ke7 29. Nc6+ Bxc6 30. bxc6 Kd6 31. Bf4+ e5 32. Bc1 Nxc6 33. Ba3+ Kc7 34. Kf1 Nd4 35. Ke1 a6 36. Kd2 b5 37. axb5 Nxb5 38. Bb4 Kb6 39. Kd3 a5 40. Bd2 Nd6 41. Bd5 Kc5 42. Ba2 e4+ 43. Kc2 Bd4 44. Bxa5 Bxf2 45. Kd1 Nc4 46. Bc7 Kd4 47. Ke2 Bg1 48. Bb8 Kc3 49. Bb1 e3 50. h4 Na3 51. Be5+ Kc4 52. Bd3+ Kd5 53. Bxg7 h5 54. Bg6 Bf2 55. Bf6 Nb5 56. Bxh5 Nd4+ 57. Kd3 Nf5 58. Bf3+ Ke6 59. Bg5 Nxh4 60. Be4 Nf5 61. Bxf5+ Kxf5 62. Bxe3 Bg3 63. Ke2 Kg4 64. Kf1 Bh2 65. Bf2 Bf4 66. Ke2 Be5 67. Be1 Bd6 68. Kf1 Bc7 69. Kg1 Bb6+ 70. Kf1 Bc5 71. Bd2 Bd6 72. Bc1 Be5 73. Ba3 Bg3 74. Bb4 Bh2 75. Ba5 Bg3 76. Bc7 Bxc7 77. g3 Bd6 78. Ke2 Be7 79. Kd3 Bf6 80. Kc4 Be5 81. Kb5 Bd6 82. Ka6 Be5 83. Kb7 Bf6 1/2-1/2

[Event "January 2 Late 2024"]
[Site "https://www.chess.com"]
[Date "2024.01.02"]
[Round "2"]
[White "Gerbelli Neto, Eduardo"]
[Black "Carlsson, Ludvig"]
[Result "0-1"]
[Board "94"]
[TimeControl "180+1"]
[WhiteFideId "2103281"]
[BlackFideId "1727010"]
[WhiteElo "2350"]
[BlackElo "2720"]
[WhiteTeam "BRA"]
[BlackTeam "SWE"]
[WhiteClock "0:00:15"]
[BlackClock "0:01:36"]

1. e4 e5 2. Nf3 Nc6 3. d4 exd4 4. Nxd4 Nf6 5. Nxc6 bxc6 6. e5 Qe7 7. Qe2 Nd5 8. c4 Ba6 9. h4 f6 10. exf6 Nxf6 11. Rh3 Qxe2+ 12. Bxe2 Bd6 13. Re3+ Kf7 14. Nc3 Rhe8 15. Rxe8 Rxe8 16. Be3 Ne4 17. O-O-O Nxc3 18. bxc3 c5 19. h5 Bb7 20. Bf3 Bxf3 21. gxf3 Re5 22. h6 gxh6 23. Bxh6 Re2 24. Rd2 Rxd2 25. Kxd2 Kg6 26. Be3 h5 27. Ke2 Kf5 28. Kf1 Be7 29. Kg2 d6 30. Bh6 Bf6 31. Bd2 a6 32. Kh3 Bg5 33. Be1 c6 34. a4 d5 35. cxd5 cxd5 36. Kg3 Bf4+ 37. Kh4 d4 38. cxd4 cxd4 39. Kxh5 d3 40. Kh4 d2 41. Bxd2 Bxd2 42. Kg3 a5 43. f4 Bxf4+ 44. Kf3 Bd2 45. Ke2 Bb4 46. Kd3 Kf4 0-1

[Event "January 2 Late 2024"]
[Site "https://www.chess.com"]
[Date "2024.01.02"]
[Round "2"]
[White "Shohat, Yotam"]
[Black "Dyachuk, Artem"]
[Result "0-1"]
[Board "95"]
[TimeControl "180+1"]
[WhiteFideId "2813955"]
[BlackFideId "34107924"]
[WhiteElo "2341"]
[BlackElo "2718"]
[WhiteTeam "ISR"]
[BlackTeam "UKR"]
[WhiteClock "0:00:04"]
[BlackClock "0:00:04"]

1. d4 Nf6 2. c4 e6 3. Nf3 c5 4. d5 d6 5. Nc3 exd5 6. cxd5 g6 7. Nd2 Bg7 8. e4 O-O 9. Be2 Na6 10. O-O Nc7 11. a4 a6 12. Nc4 b5 13. axb5 axb5 14. Rxa8 Nxa8 15. Nxb5 Nxe4 16. Bd3 Nb6 17. Na5 Nxd5 18. Nc6 Qb6 19. Bxe4 Qxc6 20. Na7 Qd7 21. Nxc8 Nf6 22. Nxd6 Rd8 23. Bf3 Qxd6 24. Qb3 Rb8 25. Qc4 Rb4 26. Qc2 h5 27. Rd1 Rd4 28. Be3 Rxd1+ 29. Qxd1 Qb6 30. Qc2 Nd7 31. b3 Qa5 32. h4 Qa1+ 33. Kh2 Bd4 34. Bxd4 Qxd4 35. Qe4 Qd6+ 36. g3 Nf6 37. Qe3 Kg7 38. Kg2 Qb6 39. Qc3 Qb5 40. Qc4 Qxc4 41. bxc4 Ne8 42. Kf1 Nd6 43. Bd5 Kf6 44. Ke2 Ke5 45. Ke3 f6 46. f4+ Kf5 47. Kd3 Kg4 48. Be6+ Kxg3 49. f5 gxf5 50. Ke2 Kxh4 51. Kf3 Kg5 52. Bd7 f4 53. Be6 Nf5 54. Ke4 Ne3 55. Bh3 f5+ 56. Kf3 Ng4 57. Bf1 Ne5+ 58. Kf2 h4 59. Bg2 Nxc4 60. Bd5 Ne5 61. Bb7 Kf6 62. Ba8 Ke7 63. Kg2 c4 64. Kh3 Ng6 65. Bd5 c3 66. Bb3 Kf6 67. Bc2 Kg5 68. Kg2 Ne5 69. Kf2 h3 70. Kg1 Ng4 71. Bd1 Ne3 72. Bb3 Kh4 73. Kh2 Ng4+ 74. Kh1 Kg3 75. Bc2 Ne3 76. Bd3 f3 77. Be2 f4 78. Kg1 f2+ 79. Kh1 c2 80. Bf1 Ng4 81. Bg2 c1=Q+ 82. Bf1 Qxf1# 0-1

[Event "January 2 Late 2024"]
[Site "https://www.chess.com"]
[Date "2024.01.02"]
[Round "2"]
[White "Mazzilli, Piero"]
[Black "Syaputra, Arifa Rizki"]
[Result "1/2-1/2"]
[Board "96"]
[TimeControl "180+1"]
[WhiteFideId "807087"]
[BlackFideId "7105100"]
[WhiteElo "2331"]
[BlackElo "2716"]
[WhiteTeam "ITA"]
[BlackTeam "INA"]
[WhiteClock "0:00:12"]
[BlackClock "0:00:09"]

1. e4 c5 2. Nf3 Nc6 3. c3 d5 4. exd5 Qxd5 5. d4 Nf6 6. Be2 e6 7. O-O cxd4 8. cxd4 Be7 9. Nc3 Qd8 10. Bf4 O-O 11. Rc1 b6 12. Nb5 Bb7 13. Bc7 Qd7 14. Ne5 Nxe5 15. dxe5 Nd5 16. Bd6 Rac8 17. Rxc8 Rxc8 18. Nxa7 Ra8 19. Bb5 Qd8 20. Nc6 Bxc6 21. Bxc6 Rxa2 22. Bxd5 exd5 23. Bxe7 Qxe7 24. Qxd5 Rxb2 25. Rc1 g6 26. Qd4 Rb4 27. Qe3 Kg7 28. g3 Rb5 29. f4 Qe6 30. Kg2 Rb2+ 31. Kg1 Qh3 32. Qf3 Qxh2+ 33. Kf1 Qh3+ 34. Kg1 Qh2+ 35. Kf1 Rc2 36. Rd1 Rd2 37. Rc1 Qh3+ 38. Kg1 Qh2+ 39. Kf1 Qh5 40. Qxh5 gxh5 41. Rb1 h4 42. gxh4 Rd4 43. Rxb6 Rxf4+ 44. Kg2 Rxh4 45. Kg3 Re4 46. Rb5 Kg6 47. Kf3 Rc4 48. Rb6+ Kg7 49. Rb5 Ra4 50. Kg3 Kg6 51. Rb6+ Kg5 52. Rf6 Ra3+ 53. Kg2 Ra7 54. Kg3 Re7 55. Kg2 h5 56. Kg3 h4+ 57. Kh3 Ra7 58. Rf3 Ra5 59. Rxf7 Rxe5 60. Rf3 Re4 61. Rd3 Rf4 62. Rc3 Rf5 63. Rd3 Kh5 64. Rc3 Rg5 65. Rd3 Rg3+ 66. Rxg3 hxg3 67. Kxg3 1/2-1/2

[Event "January 2 Late 2024"]
[Site "https://www.chess.com"]
[Date "2024.01.02"]
[Round "2"]
[White "Zarubitski, Viachaslau"]
[Black "Kujawski, Adam"]
[Result "1-0"]
[Board "97"]
[TimeControl "180+1"]
[WhiteFideId "13509373"]
[BlackFideId "1100920"]
[WhiteElo "2713"]
[BlackElo "2329"]
[WhiteTeam "BLR"]
[BlackTeam "POL"]
[WhiteClock "0:00:08"]
[BlackClock "0:00:02"]

1. b3 e5 2. Bb2 Nc6 3. e3 d5 4. Bb5 Bd6 5. Nf3 Qe7 6. d4 exd4 7. Nxd4 Bd7 8. Qf3 Be5 9. O-O Nf6 10. Nc3 Bxd4 11. Bxc6 Bxc6 12. exd4 O-O-O 13. Rfe1 Qd7 14. a4 Rhe8 15. Re5 Rxe5 16. dxe5 d4 17. Qe2 dxc3 18. Bxc3 Ne4 19. Be1 Qd5 20. f3 Ng5 21. Bf2 Ne6 22. Re1 a6 23. h4 Qd2 24. Qc4 Bd5 25. Qg4 g6 26. h5 Qxc2 27. hxg6 hxg6 28. b4 Qxa4 29. Qh3 Qb5 30. Qh7 Nf4 31. Qxf7 Ne2+ 32. Rxe2 Qxe2 33. Qxg6 Qd1+ 34. Kh2 Rh8+ 35. Kg3 Qd3 36. Qxd3 Bc6 37. Kf4 Rg8 38. Ke3 Rf8 39. f4 Re8 40. g4 Rd8 41. Qf5+ Kb8 42. g5 Rd5 43. g6 1-0

[Event "January 2 Late 2024"]
[Site "https://www.chess.com"]
[Date "2024.01.02"]
[Round "2"]
[White "Silvestre, Christian"]
[Black "Rakitin, Daniil"]
[Result "0-1"]
[Board "98"]
[TimeControl "180+1"]
[WhiteFideId "30956269"]
[BlackFideId "24219762"]
[WhiteElo "2326"]
[BlackElo "2713"]
[WhiteTeam "USA"]
[BlackTeam "RUS"]
[WhiteClock "0:00:25"]
[BlackClock "0:00:40"]

1. e4 d6 2. d4 g6 3. Nf3 Bg7 4. Bc4 a6 5. a4 Nc6 6. c3 Nf6 7. Qe2 e5 8. dxe5 Nxe5 9. Nxe5 dxe5 10. O-O O-O 11. f3 Qe7 12. Be3 Be6 13. Na3 Rfd8 14. Rfd1 Qe8 15. Bxe6 Qxe6 16. Qc4 Qe7 17. Bc5 Qe8 18. Be3 Rd7 19. Nc2 Rad8 20. Qe2 h6 21. b3 Qe6 22. c4 Nh5 23. Nb4 Nf4 24. Bxf4 exf4 0-1

[Event "January 2 Late 2024"]
[Site "https://www.chess.com"]
[Date "2024.01.02"]
[Round "2"]
[White "Hamidi, Amir Mohammad"]
[Black "Copeland, Samuel"]
[Result "1-0"]
[Board "99"]
[TimeControl "180+1"]
[WhiteFideId "12563285"]
[BlackFideId "2007347"]
[WhiteElo "2710"]
[BlackElo "2307"]
[WhiteTeam "IRI"]
[BlackTeam "USA"]
[WhiteClock "0:00:14"]
[BlackClock "0:00:12"]

1. Nf3 d5 2. c4 c6 3. g3 Nf6 4. Bg2 dxc4 5. Na3 Be6 6. Ng5 Qd7 7. Nxe6 Qxe6 8. Qc2 Na6 9. Qxc4 Qxc4 10. Nxc4 Nb4 11. O-O e6 12. a3 Nc2 13. Rb1 Nd4 14. e3 Ne2+ 15. Kh1 Be7 16. Na5 O-O-O 17. d4 Nxc1 18. Rfxc1 Kb8 19. Bxc6 Rc8 20. Bf3 Nd5 21. Bxd5 exd5 22. b4 h5 23. h3 g5 24. Kg2 f5 25. Nb3 b6 26. Rxc8+ Rxc8 27. Rc1 Rc4 28. Rxc4 dxc4 29. Nc1 a5 30. bxa5 Bxa3 31. Ne2 b5 32. g4 hxg4 33. hxg4 fxg4 34. e4 b4 35. e5 c3 36. e6 Kc7 37. a6 c2 38. e7 Kd7 39. a7 b3 40. a8=Q Bxe7 41. Qb7+ Ke6 42. Qxb3+ 1-0

[Event "January 2 Late 2024"]
[Site "https://www.chess.com"]
[Date "2024.01.02"]
[Round "2"]
[White "Osmonbekov, Talaibek"]
[Black "Han, Yichen"]
[Result "1-0"]
[Board "100"]
[TimeControl "180+1"]
[WhiteFideId "2017253"]
[BlackFideId "1054430"]
[WhiteElo "2292"]
[BlackElo "2706"]
[WhiteTeam "USA"]
[BlackTeam "NED"]
[WhiteClock "0:01:22"]
[BlackClock "0:00:10"]

1. d4 Nf6 2. Nc3 d5 3. Bf4 c6 4. e3 g6 5. Nf3 Bg7 6. Ne5 O-O 7. h4 h5 8. f3 Nbd7 9. Qd2 Nxe5 10. Bxe5 b5 11. O-O-O Qa5 12. Kb1 b4 13. Ne2 Qb6 14. Nf4 a5 15. Bd3 a4 16. g4 b3 17. cxb3 axb3 18. a3 hxg4 19. h5 g5 20. h6 gxf4 21. hxg7 Kxg7 22. exf4 Ba6 23. f5 Bxd3+ 24. Qxd3 Rg8 25. Qe3 Kf8 26. Bxf6 exf6 27. Rde1 Qc7 28. Rh7 Rg5 29. Rh8+ Kg7 30. Rxa8 g3 31. f4 Rg4 32. Qe8 1-0

[Event "January 2 Late 2024"]
[Site "https://www.chess.com"]
[Date "2024.01.02"]
[Round "2"]
[White "rumo_a_3200"]
[Black "Onyshchuk, Volodymyr"]
[Result "0-1"]
[Board "101"]
[TimeControl "180+1"]
[BlackFideId "14114038"]
[WhiteElo "2287"]
[BlackElo "2705"]
[BlackTeam "UKR"]
[WhiteClock "0:00:02"]
[BlackClock "0:01:58"]

1. e4 d6 2. d4 Nf6 3. Nc3 g6 4. Nf3 Bg7 5. Be2 O-O 6. O-O a6 7. a4 Nc6 8. d5 Nb4 9. Re1 e6 10. dxe6 Bxe6 11. Bg5 h6 12. Bh4 g5 13. Bg3 Nh5 14. Nd4 Nxg3 15. hxg3 Bxd4 16. Qxd4 Nxc2 17. Qd2 Nxa1 18. Rxa1 Qf6 19. Rc1 Rad8 20. Nd5 Bxd5 21. exd5 Rd7 22. Bg4 Re7 23. Rc3 Rfe8 24. Rf3 Qg6 25. Kh2 Re1 26. Rf5 Ra1 0-1

[Event "January 2 Late 2024"]
[Site "https://www.chess.com"]
[Date "2024.01.02"]
[Round "2"]
[White "Dylag, Emilia"]
[Black "Cardoso Cardoso, Jose Gabriel"]
[Result "0-1"]
[Board "102"]
[TimeControl "180+1"]
[WhiteFideId "21805172"]
[BlackFideId "4430492"]
[WhiteElo "2282"]
[BlackElo "2705"]
[WhiteTeam "POL"]
[BlackTeam "COL"]
[WhiteClock "0:00:08"]
[BlackClock "0:00:57"]

1. d4 d5 2. c4 e6 3. Nf3 a6 4. cxd5 exd5 5. Nc3 Nf6 6. Bg5 Be6 7. e3 Nbd7 8. Bd3 Bd6 9. Qc2 c6 10. h3 h6 11. Bxf6 Nxf6 12. Ne5 Rc8 13. O-O O-O 14. e4 dxe4 15. Nxe4 Nxe4 16. Bxe4 Qh4 17. Rae1 Rfe8 18. Nf3 Qf4 19. b3 Kh8 20. Qc1 Qf6 21. Qd2 Rcd8 22. Bb1 Bd5 23. Qd3 g6 24. Rxe8+ Rxe8 25. Re1 Rxe1+ 26. Nxe1 Qf4 27. g3 Qc1 28. Kf1 Bb4 29. Qe3 Qxb1 0-1